MONTREAL vs NEW YORK I

Created - June-08-21 at 16:24

Goals
1 2 3 T
MONTREAL 1 1 0 2
NEW YORK I 2 1 0 3
Shots
1 2 3 T
MONTREAL 10 8 13 31
NEW YORK I 9 12 7 28

1st period

1. NEW YORK I , Jared Spurgeon 22 (Rasmus Ristolainen 33, Ryan Strome 43) at 0:49 (PP)
2. NEW YORK I , Josh Bailey 17 (Logan Couture 42) at 2:46
3. MONTREAL , Nino Niederreiter 7 (Phillip Danault 38, Alex Iafallo 18) at 8:25

Penalties :
P.K. Subban (MON) for Tripping (Minor) at 0:45, Phillip Danault (MON) for Roughing (Minor) at 3:09, Max Pacioretty (MON) for Hooking (Minor) at 13:10

2nd period

4. MONTREAL , Roope Hintz 15 (Mark Jankowski 9) at 2:01
5. NEW YORK I , Rasmus Ristolainen 15 (Esa Lindell 27, Jacob Markstrom) at 14:15

Penalties :
Anthony Mantha (NYI) for Holding (Minor) at 4:49, Max Pacioretty (MON) for Cross-checking (Minor) at 5:01, P.K. Subban (MON) for Cross-checking (Minor) at 11:21

3rd period

No Goal

Penalties :
Joel Armia (MON) for Hooking (Minor) at 9:12, Rasmus Ristolainen (NYI) for Roughing (Minor) at 13:42

Goalie Stats

Robin Lehner (MON), 25 saves from 28 shots - (0.893), L, 32-30-6, 59:27 minutes
Jacob Markstrom (NYI), 29 saves from 31 shots - (0.935), W, 42-22-7, 60:00 minutes

Players Stats for MONTREAL

Player Name              G  A  P  +/- PIM S  H  SB GA TA FO     MP     PP MP  PK MP  
------------------------------------------------------------------------------------
Adam Larsson             0  0  0  -1  0   3  5  1  0  0  0/0    21:37   0:47   4:24 
Alex Iafallo             0  1  1   0  0   4  0  0  0  0  0/2    16:28   1:12   0:00 
Brock McGinn             0  0  0  -1  0   1  0  0  0  0  0/0     5:07   0:00   0:48 
Connor Murphy            0  0  0  -1  0   1  1  0  0  0  0/0    20:42   0:47   4:16 
Corey Perry              0  0  0  -1  0   1  1  0  0  0  1/1     4:22   0:00   0:03 
Jacob de La Rose         0  0  0   0  0   0  0  0  0  0  0/0     0:00   0:00   0:00 
Joel Armia               0  0  0   1  2   3  2  0  0  0  0/1    14:50   0:00   0:00 
Keith Yandle             0  0  0   1  0   1  0  0  0  0  0/0    24:48   1:24   4:37 
Mark Jankowski           0  1  1   1  0   0  0  0  0  0  7/16   14:51   0:00   0:00 
Max Pacioretty           0  0  0   0  4   3  6  1  0  0  1/4    18:37   0:58   4:16 
Michael Grabner          0  0  0   0  0   0  0  0  0  0  0/0     1:20   0:00   0:00 
Nathan Beaulieu          0  0  0   0  0   0  1  0  0  0  0/0    14:24   0:00   0:00 
Nathan MacKinnon         0  0  0  -1  0   3  0  0  0  0  13/36  25:34   0:59   5:32 
Nino Niederreiter        1  0  1   0  0   2  0  0  0  0  1/1    16:28   1:12   0:00 
P.K. Subban              0  0  0   1  4   1  4  1  0  0  0/0    24:00   1:24   3:04 
Phillip Danault          0  1  1   0  2   4  1  0  0  0  14/24  18:47   1:12   1:53 
Roope Hintz              1  0  1   1  0   3  1  0  0  0  0/1    14:51   0:00   0:00 
Sonny Milano             0  0  0   0  0   0  0  0  0  0  0/0     1:44   0:00   1:44 
Tony DeAngelo            0  0  0   0  0   0  2  1  0  0  0/0    14:24   0:00   0:00 
Vincent Trocheck         0  0  0   0  0   1  1  0  0  0  1/3    17:01   0:59   2:11 

Players Stats for NEW YORK I

Player Name              G  A  P  +/- PIM S  H  SB GA TA FO     MP     PP MP  PK MP  
------------------------------------------------------------------------------------
Anthony Mantha           0  0  0  -1  2   0  3  0  0  0  0/1    18:51   4:13   0:00 
Austin Watson            0  0  0  -1  0   2  1  0  0  0  1/3    13:43   0:00   1:22 
Ben Hutton               0  0  0  -1  0   0  1  1  0  0  0/0    13:37   0:00   0:00 
Boone Jenner             0  0  0  -1  0   3  0  0  0  0  9/16   14:04   0:00   1:39 
Brandon Saad             0  0  0  -1  0   2  1  0  0  0  1/1    19:32   4:01   0:00 
Carter Rowney            0  0  0   0  0   0  0  0  0  0  0/0     0:14   0:00   0:14 
Cedric Paquette          0  0  0   1  0   0  2  0  0  0  1/3     5:32   0:00   0:14 
Esa Lindell              0  1  1   1  0   2  1  3  0  0  0/0    23:43   3:05   1:18 
Jared Spurgeon           1  0  1   0  0   2  0  1  0  0  0/0    20:51   4:55   0:00 
Josh Bailey              1  0  1   1  0   3  0  0  0  0  2/2    20:28   3:59   0:00 
Logan Couture            0  1  1   1  0   1  1  0  0  0  18/30  21:03   3:59   0:00 
Marcus Foligno           0  0  0  -1  0   1  0  0  0  0  0/1    12:23   0:00   0:00 
Matt Dumba               0  0  0   0  0   0  4  0  0  0  0/0    15:49   0:00   0:45 
Nick Foligno             0  0  0   1  0   4  1  0  0  0  1/2    20:46   3:59   0:35 
Pat Maroon               0  0  0   1  0   0  0  1  0  0  0/0     5:12   0:00   0:00 
Pierre-Edouard Bellemare 0  0  0   1  0   1  0  0  0  0  4/6     5:04   0:12   0:18 
Rasmus Ristolainen       1  1  2   1  2   2  1  0  0  0  0/0    24:58   4:55   0:00 
Ryan Strome              0  1  1  -1  0   4  1  0  0  0  14/24  19:09   4:13   0:00 
Scott Mayfield           0  0  0  -1  0   1  1  2  0  0  0/0    19:47   3:17   1:19 
Troy Stecher             0  0  0   0  0   0  0  0  0  0  0/0     1:14   0:12   1:00 

3 Stars

1 - Rasmus Ristolainen (NYI)
2 - Josh Bailey (NYI)
3 - Roope Hintz (MON)

Power Play

MONTREAL - 0 on 2 Attempt(s) - 0.00%
NEW YORK I - 1 on 6 Attempt(s) - 16.67%

Penalty Kill

MONTREAL - 5 on 6 Attempt(s) - 83.33% - Score 0 goal in Penalty Kill
NEW YORK I - 2 on 2 Attempt(s) - 100.00% - Score 0 goal in Penalty Kill

Team Stat

MONTREAL - Hits : 25 - Faceoff Wins : 38 - Blocked Shots : 4 - Penalty Minutes : 12
NEW YORK I - Hits : 18 - Faceoff Wins : 51 - Blocked Shots : 8 - Penalty Minutes : 4

Official

Referees : Francois St-Laurent and Reid Anderson
Linesman : Derek Amell and David Brisebois

Game Notes

No Game Note

Finance

Level 1 -- Attendance: 4104 (68.40%) -- Ticket Income $410,400
Level 2 -- Attendance: 3473 (69.46%) -- Ticket Income $208,380
Level 3 -- Attendance: 1756 (87.80%) -- Ticket Income $61,460
Level 4 -- Attendance: 4000 (100.00%) -- Ticket Income $80,000
Luxury Box -- Attendance: 708 (70.80%) -- Ticket Income $141,600
Game was played at the Nassau Coliseum.
Total Attendance: 14041 (78.01%)
Total Ticket Income: $901,840
Total Income: $901,840

MONTREAL

5 vs 5 Forward 
   Center                   Left Wing                Right Wing               Time % Phy DF OF 
 1 Nathan MacKinnon         Max Pacioretty           Vincent Trocheck         35     1   2  2  
 2 Phillip Danault          Nino Niederreiter        Alex Iafallo             30     1   2  2  
 3 Mark Jankowski           Roope Hintz              Joel Armia               25     1   2  2  
 4 Nathan MacKinnon         Brock McGinn             Corey Perry              10     1   2  2  

5 vs 5 Defense 
   Defense                  Defense                                           Time % Phy DF OF 
 1 Keith Yandle             P.K. Subban                                       35     1   2  2  
 2 Adam Larsson             Connor Murphy                                     30     1   2  2  
 3 Tony DeAngelo            Nathan Beaulieu                                   25     1   2  2  
 4 Keith Yandle             P.K. Subban                                       10     1   2  2  

PowerPlay Forward 
   Center                   Left Wing                Right Wing               Time % Phy DF OF 
 1 Nathan MacKinnon         Max Pacioretty           Vincent Trocheck         60     1   2  2  
 2 Phillip Danault          Nino Niederreiter        Alex Iafallo             40     1   2  2  

PowerPlay Defense
   Defense                  Defense                                           Time % Phy DF OF 
 1 Keith Yandle             P.K. Subban                                       60     1   2  2  
 2 Adam Larsson             Connor Murphy                                     40     1   2  2  

Penalty Kill 4 Players Forward 
   Center                   Wing                     Time % Phy DF OF 
 1 Nathan MacKinnon         Max Pacioretty           60     1   2  2  
 2 Vincent Trocheck         Phillip Danault          40     1   2  2  

Penalty Kill 4 Players Defense
   Defense                  Defense                  Time % Phy DF OF 
 1 Keith Yandle             P.K. Subban              60     1   2  2  
 2 Adam Larsson             Connor Murphy            40     1   2  2  

Penalty Kill - 3 Players Forward 
   Forward                                           Time % Phy DF OF 
 1 Nathan MacKinnon                                  60     1   2  2  
 2 Max Pacioretty                                    40     1   2  2  

Penalty Kill - 3 Players Defense
   Defense                  Defense                  Time % Phy DF OF 
 1 Keith Yandle             P.K. Subban              60     1   2  2  
 2 Adam Larsson             Connor Murphy            40     1   2  2  

4 vs 4 Forward 
   Center                   Wing                     Time % Phy DF OF 
 1 Nathan MacKinnon         Max Pacioretty           60     1   2  2  
 2 Vincent Trocheck         Phillip Danault          40     1   2  2  

4 vs 4 Defense
   Defense                  Defense                  Time % Phy DF OF 
 1 Keith Yandle             P.K. Subban              60     1   2  2  
 2 Adam Larsson             Connor Murphy            40     1   2  2  

Last Minutes Offensive
   Center                   Left Wing                Right Wing               Defense                  Defense                  
   Nathan MacKinnon         Max Pacioretty           Vincent Trocheck         Keith Yandle             P.K. Subban              

Last Minutes Defensive
   Center                   Left Wing                Right Wing               Defense                  Defense                  
   Nathan MacKinnon         Max Pacioretty           Vincent Trocheck         Keith Yandle             P.K. Subban              

Goaltenders
Starting : Robin Lehner             
Backup : Anton Khudobin           

Extra Forwards
Normal : Michael Grabner, Jacob de La Rose, Sonny Milano - PP : Michael Grabner, Jacob de La Rose - PK : Sonny Milano
Extra Defensemen
Normal : Tony DeAngelo, Nathan Beaulieu, Adam Larsson - PP : Tony DeAngelo - PK : Nathan Beaulieu, Adam Larsson
Penalty Shots
Nathan MacKinnon, Max Pacioretty, Vincent Trocheck, Phillip Danault, Nino Niederreiter

Scratches
MTL Cap Hit (Suspend)

NEW YORK I

5 vs 5 Forward 
   Center                   Left Wing                Right Wing               Time % Phy DF OF 
 1 Logan Couture            Nick Foligno             Josh Bailey              35     1   1  3  
 2 Ryan Strome              Brandon Saad             Anthony Mantha           30     1   2  2  
 3 Boone Jenner             Marcus Foligno           Austin Watson            25     1   2  2  
 4 Pierre-Edouard Bellemare Pat Maroon               Cedric Paquette          10     2   3  0  

5 vs 5 Defense 
   Defense                  Defense                                           Time % Phy DF OF 
 1 Rasmus Ristolainen       Esa Lindell                                       35     1   2  2  
 2 Matt Dumba               Jared Spurgeon                                    30     1   2  2  
 3 Ben Hutton               Scott Mayfield                                    25     1   2  2  
 4 Rasmus Ristolainen       Esa Lindell                                       10     1   2  2  

PowerPlay Forward 
   Center                   Left Wing                Right Wing               Time % Phy DF OF 
 1 Logan Couture            Nick Foligno             Josh Bailey              60     1   2  2  
 2 Ryan Strome              Brandon Saad             Anthony Mantha           40     1   2  2  

PowerPlay Defense
   Defense                  Defense                                           Time % Phy DF OF 
 1 Rasmus Ristolainen       Jared Spurgeon                                    60     1   2  2  
 2 Scott Mayfield           Esa Lindell                                       40     1   2  2  

Penalty Kill 4 Players Forward 
   Center                   Wing                     Time % Phy DF OF 
 1 Boone Jenner             Austin Watson            60     1   2  2  
 2 Cedric Paquette          Carter Rowney            40     1   2  2  

Penalty Kill 4 Players Defense
   Defense                  Defense                  Time % Phy DF OF 
 1 Rasmus Ristolainen       Esa Lindell              60     1   2  2  
 2 Matt Dumba               Scott Mayfield           40     1   2  2  

Penalty Kill - 3 Players Forward 
   Forward                                           Time % Phy DF OF 
 1 Boone Jenner                                      60     1   2  2  
 2 Marcus Foligno                                    40     1   2  2  

Penalty Kill - 3 Players Defense
   Defense                  Defense                  Time % Phy DF OF 
 1 Rasmus Ristolainen       Esa Lindell              60     1   2  2  
 2 Jared Spurgeon           Scott Mayfield           40     1   2  2  

4 vs 4 Forward 
   Center                   Wing                     Time % Phy DF OF 
 1 Logan Couture            Brandon Saad             60     1   2  2  
 2 Ryan Strome              Anthony Mantha           40     1   2  2  

4 vs 4 Defense
   Defense                  Defense                  Time % Phy DF OF 
 1 Rasmus Ristolainen       Esa Lindell              60     1   2  2  
 2 Jared Spurgeon           Scott Mayfield           40     1   2  2  

Last Minutes Offensive
   Center                   Left Wing                Right Wing               Defense                  Defense                  
   Logan Couture            Brandon Saad             Anthony Mantha           Rasmus Ristolainen       Jared Spurgeon           

Last Minutes Defensive
   Center                   Left Wing                Right Wing               Defense                  Defense                  
   Boone Jenner             Marcus Foligno           Cedric Paquette          Rasmus Ristolainen       Scott Mayfield           

Goaltenders
Starting : Jacob Markstrom          
Backup : Curtis McElhinney        

Extra Forwards
Normal : Austin Watson, Josh Bailey, Pat Maroon - PP : Pierre-Edouard Bellemare, Cedric Paquette - PK : Austin Watson
Extra Defensemen
Normal : Troy Stecher, Jared Spurgeon, Ben Hutton - PP : Troy Stecher - PK : Scott Mayfield, Troy Stecher
Penalty Shots
Logan Couture, Anthony Mantha, Brandon Saad, Nick Foligno, Ryan Strome

Scratches
NYI Cap Hit (Suspend)

% Time on Ice - MONTREAL

Lines # - Real PCT - Wanted PCT - Time Play
Normal Forward
1 - 27% - 35% - 12:40
2 - 32% - 30% - 15:16
3 - 32% - 25% - 14:51
4 - 9% - 10% - 4:19
Normal Defense
1 - 32% - 35% - 15:16
2 - 32% - 30% - 14:54
3 - 31% - 25% - 14:22
4 - 5% - 10% - 2:34
PP Forward
1 - 45% - 60% - 0:59
2 - 55% - 40% - 1:12
PP Defense
1 - 64% - 60% - 1:24
2 - 36% - 40% - 0:47
PK Forward
1 - 73% - 60% - 6:01
2 - 27% - 40% - 2:11
PK Defense
1 - 57% - 60% - 4:40
2 - 43% - 40% - 3:32
PK3 Forward
1 - 0% - 60%
2 - 0% - 40%
PK3 Defense
1 - 0% - 60%
2 - 0% - 40%
44 Forward
1 - 75% - 60% - 1:20
2 - 25% - 40% - 0:27
44 Defense
1 - 58% - 60% - 1:02
2 - 42% - 40% - 0:45
Last Minute Offensive  - 0:44
Last Minute Defensive  - 0:00
Total
Forward - 60:00
Defense - 60:00

% Time on Ice - NEW YORK I

Lines # - Real PCT - Wanted PCT - Time Play
Normal Forward
1 - 34% - 35% - 16:12
2 - 31% - 30% - 14:39
3 - 25% - 25% - 11:41
4 - 10% - 10% - 4:34
Normal Defense
1 - 34% - 35% - 16:10
2 - 32% - 30% - 15:04
3 - 29% - 25% - 13:37
4 - 5% - 10% - 2:15
PP Forward
1 - 49% - 60% - 3:59
2 - 51% - 40% - 4:13
PP Defense
1 - 60% - 60% - 4:55
2 - 40% - 40% - 3:17
PK Forward
1 - 89% - 60% - 1:57
2 - 11% - 40% - 0:14
PK Defense
1 - 60% - 60% - 1:18
2 - 40% - 40% - 0:53
PK3 Forward
1 - 0% - 60%
2 - 0% - 40%
PK3 Defense
1 - 0% - 60%
2 - 0% - 40%
44 Forward
1 - 84% - 60% - 1:30
2 - 16% - 40% - 0:17
44 Defense
1 - 51% - 60% - 0:55
2 - 49% - 40% - 0:52
Last Minute Offensive  - 0:00
Last Minute Defensive  - 0:44
Total
Forward - 60:00
Defense - 60:00

Play-by-Play

1st period


0:01 of 1st period - Logan Couture wins face-off versus Nathan MacKinnon in neutral zone.
0:03 of 1st period - Esa Lindell is hit by P.K. Subban and loses puck.
0:45 of 1st period - Minor Penalty to P.K. Subban for Tripping.
0:46 of 1st period - Ryan Strome wins face-off versus Nathan MacKinnon in MONTREAL zone.
0:49 of 1st period - Shot by Jared Spurgeon.
0:49 of 1st period - Goal by Jared Spurgeon - MONTREAL : 0 - NEW YORK I : 1.
0:50 of 1st period - Ryan Strome wins face-off versus Alex Iafallo in neutral zone.
1:05 of 1st period - Shot by Phillip Danault.
1:05 of 1st period - Stopped by Jacob Markstrom without a rebound.
1:06 of 1st period - Boone Jenner wins face-off versus Mark Jankowski in NEW YORK I zone.
1:43 of 1st period - Icing by Tony DeAngelo.
1:44 of 1st period - Ryan Strome wins face-off versus Mark Jankowski in MONTREAL zone.
1:44 of 1st period - Ryan Strome is hit by Tony DeAngelo.
2:22 of 1st period - Shot by Alex Iafallo.
2:22 of 1st period - Deflect By Phillip Danault.
2:22 of 1st period - Shot Blocked by Jared Spurgeon.
2:24 of 1st period - Shot by Alex Iafallo.
2:24 of 1st period - Stopped by Jacob Markstrom without a rebound.
2:25 of 1st period - Nathan MacKinnon wins face-off versus Pierre-Edouard Bellemare in NEW YORK I zone.
2:26 of 1st period - Shot by Corey Perry.
2:26 of 1st period - Stopped by Jacob Markstrom without a rebound.
2:27 of 1st period - Pierre-Edouard Bellemare wins face-off versus Nathan MacKinnon in NEW YORK I zone.
2:41 of 1st period - Shot by Pierre-Edouard Bellemare.
2:41 of 1st period - Stopped by Robin Lehner without a rebound.
2:42 of 1st period - Phillip Danault wins face-off versus Logan Couture in MONTREAL zone.
2:44 of 1st period - Icing by Alex Iafallo.
2:45 of 1st period - Logan Couture wins face-off versus Phillip Danault in MONTREAL zone.
2:46 of 1st period - Shot by Josh Bailey.
2:46 of 1st period - Goal by Josh Bailey - MONTREAL : 0 - NEW YORK I : 2.
2:47 of 1st period - Phillip Danault wins face-off versus Logan Couture in neutral zone.
3:09 of 1st period - Minor Penalty to Phillip Danault for Roughing.
3:10 of 1st period - Ryan Strome wins face-off versus Nathan MacKinnon in MONTREAL zone.
4:00 of 1st period - Icing by Esa Lindell.
4:01 of 1st period - Logan Couture wins face-off versus Vincent Trocheck in NEW YORK I zone.
5:43 of 1st period - Shot by Alex Iafallo.
5:43 of 1st period - Stopped by Jacob Markstrom without a rebound.
5:44 of 1st period - Pierre-Edouard Bellemare wins face-off versus Joel Armia in NEW YORK I zone.
6:02 of 1st period - P.K. Subban is hit by Cedric Paquette.
6:49 of 1st period - Icing by Connor Murphy.
6:50 of 1st period - Corey Perry wins face-off versus Logan Couture in MONTREAL zone.
7:28 of 1st period - Off-side.
7:29 of 1st period - Phillip Danault wins face-off versus Ryan Strome in neutral zone.
7:45 of 1st period - Icing by Ryan Strome.
7:46 of 1st period - Mark Jankowski wins face-off versus Ryan Strome in NEW YORK I zone.
7:46 of 1st period - Mark Jankowski is hit by Matt Dumba.
7:58 of 1st period - Shot by Brandon Saad.
7:58 of 1st period - Deflect By Ryan Strome.
7:58 of 1st period - Stopped by Robin Lehner without a rebound.
7:59 of 1st period - Boone Jenner wins face-off versus Phillip Danault in MONTREAL zone.
7:59 of 1st period - Boone Jenner is hit by P.K. Subban.
8:23 of 1st period - Shot by Phillip Danault.
8:23 of 1st period - Shot Blocked by Esa Lindell.
8:25 of 1st period - Shot by Nino Niederreiter.
8:25 of 1st period - Goal by Nino Niederreiter - MONTREAL : 1 - NEW YORK I : 2.
8:26 of 1st period - Ryan Strome wins face-off versus Nathan MacKinnon in neutral zone.
8:49 of 1st period - Shot by Brandon Saad.
8:49 of 1st period - Stopped by Robin Lehner without a rebound.
8:50 of 1st period - Mark Jankowski wins face-off versus Logan Couture in MONTREAL zone.
9:28 of 1st period - Shot by Mark Jankowski.
9:28 of 1st period - Deflect By Roope Hintz.
9:28 of 1st period - Stopped by Jacob Markstrom without a rebound.
9:29 of 1st period - Max Pacioretty wins face-off versus Ryan Strome in NEW YORK I zone.
9:38 of 1st period - Shot by Vincent Trocheck.
9:38 of 1st period - Shot Blocked by Scott Mayfield.
9:41 of 1st period - Icing by Ben Hutton.
9:42 of 1st period - Phillip Danault wins face-off versus Ryan Strome in NEW YORK I zone.
9:57 of 1st period - Shot by Ryan Strome.
9:57 of 1st period - Shot Misses the Net.
11:16 of 1st period - Shot by Esa Lindell.
11:16 of 1st period - Stopped by Robin Lehner without a rebound.
11:17 of 1st period - Mark Jankowski wins face-off versus Boone Jenner in MONTREAL zone.
12:17 of 1st period - Shot by Phillip Danault.
12:17 of 1st period - Stopped by Jacob Markstrom without a rebound.
12:18 of 1st period - Logan Couture wins face-off versus Phillip Danault in NEW YORK I zone.
12:28 of 1st period - Josh Bailey is hit by Adam Larsson and loses puck.
12:31 of 1st period - Shot by Logan Couture.
12:31 of 1st period - Shot Misses the Net.
12:40 of 1st period - Icing by Connor Murphy.
12:41 of 1st period - Ryan Strome wins face-off versus Alex Iafallo in MONTREAL zone.
12:48 of 1st period - Shot by Ryan Strome.
12:48 of 1st period - Stopped by Robin Lehner without a rebound.
12:49 of 1st period - Ryan Strome wins face-off versus Nathan MacKinnon in MONTREAL zone.
12:55 of 1st period - Icing by P.K. Subban.
12:56 of 1st period - Nathan MacKinnon wins face-off versus Logan Couture in MONTREAL zone.
13:03 of 1st period - Shot by Nathan MacKinnon.
13:03 of 1st period - Shot Misses the Net.
13:10 of 1st period - Minor Penalty to Max Pacioretty for Hooking.
13:11 of 1st period - Ryan Strome wins face-off versus Nathan MacKinnon in MONTREAL zone.
14:05 of 1st period - Icing by Rasmus Ristolainen.
14:06 of 1st period - Ryan Strome wins face-off versus Vincent Trocheck in NEW YORK I zone.
14:23 of 1st period - Keith Yandle is hit by Anthony Mantha and loses puck.
15:00 of 1st period - Shot by Josh Bailey.
15:00 of 1st period - Stopped by Robin Lehner without a rebound.
15:01 of 1st period - Nathan MacKinnon wins face-off versus Nick Foligno in MONTREAL zone.
15:09 of 1st period - Icing by Josh Bailey.
15:10 of 1st period - Mark Jankowski wins face-off versus Boone Jenner in NEW YORK I zone.
15:19 of 1st period - Shot by Mark Jankowski.
15:19 of 1st period - Shot Blocked by Ben Hutton.
15:29 of 1st period - Shot by Marcus Foligno.
15:29 of 1st period - Shot Misses the Net.
15:31 of 1st period - Shot by Boone Jenner.
15:31 of 1st period - Stopped by Robin Lehner without a rebound.
15:32 of 1st period - Phillip Danault wins face-off versus Cedric Paquette in MONTREAL zone.
15:32 of 1st period - Phillip Danault is hit by Cedric Paquette.
15:50 of 1st period - Shot by Phillip Danault.
15:50 of 1st period - Stopped by Jacob Markstrom with a rebound.
15:52 of 1st period - Shot by P.K. Subban.
15:52 of 1st period - Shot Blocked by Pat Maroon.
15:59 of 1st period - Off-side.
16:00 of 1st period - Logan Couture wins face-off versus Nathan MacKinnon in neutral zone.
16:29 of 1st period - Esa Lindell is hit by Max Pacioretty and loses puck.
16:54 of 1st period - Connor Murphy is hit by Anthony Mantha and loses puck.
17:09 of 1st period - Off-side.
17:10 of 1st period - Nino Niederreiter wins face-off versus Boone Jenner in neutral zone.
17:45 of 1st period - Shot by Alex Iafallo.
17:45 of 1st period - Stopped by Jacob Markstrom with a rebound.
17:47 of 1st period - Shot by Keith Yandle.
17:47 of 1st period - Stopped by Jacob Markstrom without a rebound.
17:48 of 1st period - Ryan Strome wins face-off versus Mark Jankowski in NEW YORK I zone.
18:04 of 1st period - Brandon Saad is hit by Tony DeAngelo and loses puck.
18:15 of 1st period - Shot by Roope Hintz.
18:15 of 1st period - Deflect By Joel Armia.
18:15 of 1st period - Shot Misses the Net.
19:46 of 1st period - Icing by P.K. Subban.
19:47 of 1st period - Boone Jenner wins face-off versus Nathan MacKinnon in MONTREAL zone.
Goals for this period are 1 for MONTREAL vs 2 for NEW YORK I.
Shots for this period are 10 for MONTREAL vs 9 for NEW YORK I.

2nd period


0:01 of 2nd period - Logan Couture wins face-off versus Nathan MacKinnon in neutral zone.
0:28 of 2nd period - Shot by Logan Couture.
0:28 of 2nd period - Shot Misses the Net.
0:32 of 2nd period - Shot by Josh Bailey.
0:32 of 2nd period - Shot Hit the Post.
1:07 of 2nd period - Shot by Brandon Saad.
1:07 of 2nd period - Stopped by Robin Lehner without a rebound.
1:08 of 2nd period - Boone Jenner wins face-off versus Phillip Danault in MONTREAL zone.
1:08 of 2nd period - Boone Jenner is hit by Connor Murphy.
1:12 of 2nd period - Shot by Austin Watson.
1:12 of 2nd period - Stopped by Robin Lehner with a rebound.
1:27 of 2nd period - Shot by Phillip Danault.
1:27 of 2nd period - Shot Misses the Net.
1:29 of 2nd period - Shot by Phillip Danault.
1:29 of 2nd period - Shot Misses the Net.
1:31 of 2nd period - Shot by Adam Larsson.
1:31 of 2nd period - Stopped by Jacob Markstrom without a rebound.
1:32 of 2nd period - Mark Jankowski wins face-off versus Ryan Strome in NEW YORK I zone.
2:01 of 2nd period - Shot by Roope Hintz.
2:01 of 2nd period - Goal by Roope Hintz - MONTREAL : 2 - NEW YORK I : 2.
2:02 of 2nd period - Phillip Danault wins face-off versus Logan Couture in neutral zone.
2:07 of 2nd period - Shot by Nino Niederreiter.
2:07 of 2nd period - Stopped by Jacob Markstrom without a rebound.
2:08 of 2nd period - Phillip Danault wins face-off versus Logan Couture in NEW YORK I zone.
2:23 of 2nd period - Shot by Phillip Danault.
2:23 of 2nd period - Shot Blocked by Esa Lindell.
2:25 of 2nd period - Shot by Alex Iafallo.
2:25 of 2nd period - Shot Misses the Net.
3:10 of 2nd period - Shot by Nathan MacKinnon.
3:10 of 2nd period - Shot Blocked by Esa Lindell.
3:12 of 2nd period - Shot by Vincent Trocheck.
3:12 of 2nd period - Stopped by Jacob Markstrom with a rebound.
3:14 of 2nd period - Shot by Max Pacioretty.
3:14 of 2nd period - Stopped by Jacob Markstrom with a rebound.
3:56 of 2nd period - Jared Spurgeon is hit by Roope Hintz and loses puck.
4:12 of 2nd period - Roope Hintz is hit by Matt Dumba and loses puck.
4:25 of 2nd period - Icing by Ryan Strome.
4:26 of 2nd period - Phillip Danault wins face-off versus Ryan Strome in NEW YORK I zone.
4:49 of 2nd period - Minor Penalty to Anthony Mantha for Holding.
4:50 of 2nd period - Boone Jenner wins face-off versus Nathan MacKinnon in NEW YORK I zone.
5:01 of 2nd period - Minor Penalty to Max Pacioretty for Cross-checking.
5:02 of 2nd period - Nathan MacKinnon wins face-off versus Logan Couture in MONTREAL zone.
5:19 of 2nd period - Shot by Michael Grabner.
5:19 of 2nd period - Deflect By Nathan MacKinnon.
5:19 of 2nd period - Stopped by Jacob Markstrom without a rebound.
5:20 of 2nd period - Nathan MacKinnon wins face-off versus Austin Watson in NEW YORK I zone.
6:59 of 2nd period - Shot by Pierre-Edouard Bellemare.
6:59 of 2nd period - Shot Misses the Net.
7:20 of 2nd period - Tony DeAngelo is hit by Austin Watson and loses puck.
8:49 of 2nd period - Off-side.
8:50 of 2nd period - Logan Couture wins face-off versus Mark Jankowski in neutral zone.
9:08 of 2nd period - Shot by Josh Bailey.
9:08 of 2nd period - Shot Blocked by Tony DeAngelo.
9:12 of 2nd period - Shot by Josh Bailey.
9:12 of 2nd period - Stopped by Robin Lehner with a rebound.
9:14 of 2nd period - Shot by Logan Couture.
9:14 of 2nd period - Shot Misses the Net.
9:16 of 2nd period - Shot by Nick Foligno.
9:16 of 2nd period - Shot Misses the Net.
11:11 of 2nd period - Off-side.
11:12 of 2nd period - Logan Couture wins face-off versus Nathan MacKinnon in neutral zone.
11:20 of 2nd period - Logan Couture is hit by P.K. Subban and loses puck.
11:21 of 2nd period - Minor Penalty to P.K. Subban for Cross-checking.
11:22 of 2nd period - Nathan MacKinnon wins face-off versus Logan Couture in MONTREAL zone.
11:37 of 2nd period - Shot by Nick Foligno.
11:37 of 2nd period - Stopped by Robin Lehner without a rebound.
11:38 of 2nd period - Brandon Saad wins face-off versus Max Pacioretty in MONTREAL zone.
11:47 of 2nd period - Shot by Ryan Strome.
11:47 of 2nd period - Shot Blocked by Max Pacioretty.
11:49 of 2nd period - Shot by Scott Mayfield.
11:49 of 2nd period - Stopped by Robin Lehner without a rebound.
11:50 of 2nd period - Logan Couture wins face-off versus Nathan MacKinnon in MONTREAL zone.
12:15 of 2nd period - Icing by Nick Foligno.
12:16 of 2nd period - Nick Foligno wins face-off versus Max Pacioretty in NEW YORK I zone.
12:16 of 2nd period - Nick Foligno is hit by Max Pacioretty.
12:29 of 2nd period - Logan Couture is hit by Adam Larsson and loses puck.
13:07 of 2nd period - Icing by Scott Mayfield.
13:08 of 2nd period - Vincent Trocheck wins face-off versus Ryan Strome in NEW YORK I zone.
13:32 of 2nd period - Boone Jenner is hit by Adam Larsson and loses puck.
13:44 of 2nd period - Austin Watson is hit by Adam Larsson and loses puck.
14:15 of 2nd period - Shot by Rasmus Ristolainen.
14:15 of 2nd period - Goal by Rasmus Ristolainen - MONTREAL : 2 - NEW YORK I : 3.
14:16 of 2nd period - Logan Couture wins face-off versus Nathan MacKinnon in neutral zone.
14:29 of 2nd period - Shot by Logan Couture.
14:29 of 2nd period - Stopped by Robin Lehner without a rebound.
14:30 of 2nd period - Ryan Strome wins face-off versus Mark Jankowski in MONTREAL zone.
14:41 of 2nd period - Shot by Anthony Mantha.
14:41 of 2nd period - Shot Misses the Net.
14:59 of 2nd period - Shot by Ryan Strome.
14:59 of 2nd period - Stopped by Robin Lehner without a rebound.
15:00 of 2nd period - Nathan MacKinnon wins face-off versus Logan Couture in MONTREAL zone.
15:15 of 2nd period - Off-side.
15:16 of 2nd period - Phillip Danault wins face-off versus Austin Watson in neutral zone.
15:21 of 2nd period - Shot by Boone Jenner.
15:21 of 2nd period - Shot Misses the Net.
15:48 of 2nd period - Icing by Scott Mayfield.
15:49 of 2nd period - Nathan MacKinnon wins face-off versus Boone Jenner in NEW YORK I zone.
16:00 of 2nd period - Shot by Nathan MacKinnon.
16:00 of 2nd period - Stopped by Jacob Markstrom with a rebound.
16:03 of 2nd period - Icing by Ben Hutton.
16:04 of 2nd period - Boone Jenner wins face-off versus Mark Jankowski in NEW YORK I zone.
16:53 of 2nd period - Icing by Esa Lindell.
16:54 of 2nd period - Logan Couture wins face-off versus Nathan MacKinnon in NEW YORK I zone.
17:06 of 2nd period - Shot by Esa Lindell.
17:06 of 2nd period - Stopped by Robin Lehner without a rebound.
17:07 of 2nd period - Ryan Strome wins face-off versus Phillip Danault in MONTREAL zone.
17:13 of 2nd period - Nino Niederreiter is hit by Matt Dumba and loses puck.
18:27 of 2nd period - Shot by Boone Jenner.
18:27 of 2nd period - Stopped by Robin Lehner with a rebound.
18:29 of 2nd period - Shot by Marcus Foligno.
18:29 of 2nd period - Stopped by Robin Lehner without a rebound.
18:30 of 2nd period - Josh Bailey wins face-off versus Mark Jankowski in MONTREAL zone.
18:35 of 2nd period - Shot by Nick Foligno.
18:35 of 2nd period - Stopped by Robin Lehner without a rebound.
18:36 of 2nd period - Logan Couture wins face-off versus Mark Jankowski in MONTREAL zone.
18:51 of 2nd period - Nick Foligno is hit by Joel Armia and loses puck.
19:00 of 2nd period - Shot by Roope Hintz.
19:00 of 2nd period - Shot Hit the Post.
19:10 of 2nd period - Shot by Joel Armia.
19:10 of 2nd period - Stopped by Jacob Markstrom without a rebound.
19:11 of 2nd period - Ryan Strome wins face-off versus Nathan MacKinnon in NEW YORK I zone.
19:11 of 2nd period - Ryan Strome is hit by Max Pacioretty.
19:14 of 2nd period - Esa Lindell is hit by Max Pacioretty and loses puck.
19:32 of 2nd period - Icing by Esa Lindell.
19:33 of 2nd period - Phillip Danault wins face-off versus Ryan Strome in NEW YORK I zone.
19:48 of 2nd period - Connor Murphy is hit by Brandon Saad and loses puck.
Goals for this period are 1 for MONTREAL vs 1 for NEW YORK I.
Shots for this period are 8 for MONTREAL vs 12 for NEW YORK I.

3rd period


0:01 of 3rd period - Logan Couture wins face-off versus Max Pacioretty in neutral zone.
0:10 of 3rd period - Max Pacioretty is hit by Nick Foligno.
0:11 of 3rd period - Icing by Max Pacioretty.
0:12 of 3rd period - Nathan MacKinnon wins face-off versus Ryan Strome in MONTREAL zone.
0:24 of 3rd period - Anthony Mantha is hit by P.K. Subban and loses puck.
1:39 of 3rd period - Shot by Alex Iafallo.
1:39 of 3rd period - Stopped by Jacob Markstrom with a rebound.
1:41 of 3rd period - Shot by Connor Murphy.
1:41 of 3rd period - Stopped by Jacob Markstrom without a rebound.
1:42 of 3rd period - Mark Jankowski wins face-off versus Marcus Foligno in NEW YORK I zone.
2:06 of 3rd period - Shot by Roope Hintz.
2:06 of 3rd period - Shot Misses the Net.
2:08 of 3rd period - Shot by Joel Armia.
2:08 of 3rd period - Deflect By Roope Hintz.
2:08 of 3rd period - Shot Blocked by Scott Mayfield.
2:14 of 3rd period - Shot by Roope Hintz.
2:14 of 3rd period - Shot Misses the Net.
2:16 of 3rd period - Shot by Joel Armia.
2:16 of 3rd period - Shot Misses the Net.
2:18 of 3rd period - Shot by Joel Armia.
2:18 of 3rd period - Deflect By Roope Hintz.
2:18 of 3rd period - Stopped by Jacob Markstrom without a rebound.
2:19 of 3rd period - Phillip Danault wins face-off versus Anthony Mantha in NEW YORK I zone.
2:19 of 3rd period - Phillip Danault is hit by Matt Dumba.
2:33 of 3rd period - Shot by Adam Larsson.
2:33 of 3rd period - Stopped by Jacob Markstrom with a rebound.
2:46 of 3rd period - Phillip Danault is hit by Anthony Mantha and loses puck.
3:11 of 3rd period - Nick Foligno is hit by Phillip Danault and loses puck.
3:37 of 3rd period - Shot by Logan Couture.
3:37 of 3rd period - Shot Blocked by P.K. Subban.
4:46 of 3rd period - Jared Spurgeon is hit by Max Pacioretty and loses puck.
5:36 of 3rd period - Icing by Matt Dumba.
5:37 of 3rd period - Pierre-Edouard Bellemare wins face-off versus Phillip Danault in NEW YORK I zone.
5:43 of 3rd period - Matt Dumba is hit by Adam Larsson and loses puck.
6:30 of 3rd period - Shot by Nathan MacKinnon.
6:30 of 3rd period - Shot Misses the Net.
6:40 of 3rd period - Shot by Brock McGinn.
6:40 of 3rd period - Stopped by Jacob Markstrom with a rebound.
7:36 of 3rd period - Ben Hutton is hit by Joel Armia and loses puck.
7:49 of 3rd period - Shot by Anthony Mantha.
7:49 of 3rd period - Deflect By Ryan Strome.
7:49 of 3rd period - Stopped by Robin Lehner without a rebound.
7:50 of 3rd period - Phillip Danault wins face-off versus Boone Jenner in MONTREAL zone.
8:07 of 3rd period - Off-side.
8:08 of 3rd period - Nathan MacKinnon wins face-off versus Pierre-Edouard Bellemare in neutral zone.
8:23 of 3rd period - Shot by Max Pacioretty.
8:23 of 3rd period - Stopped by Jacob Markstrom without a rebound.
8:24 of 3rd period - Boone Jenner wins face-off versus Phillip Danault in NEW YORK I zone.
8:53 of 3rd period - Shot by Austin Watson.
8:53 of 3rd period - Stopped by Robin Lehner without a rebound.
8:54 of 3rd period - Nathan MacKinnon wins face-off versus Ryan Strome in MONTREAL zone.
8:54 of 3rd period - Nathan MacKinnon is hit by Ryan Strome.
9:05 of 3rd period - Off-side.
9:06 of 3rd period - Mark Jankowski wins face-off versus Logan Couture in neutral zone.
9:12 of 3rd period - Minor Penalty to Joel Armia for Hooking.
9:13 of 3rd period - Nathan MacKinnon wins face-off versus Logan Couture in MONTREAL zone.
9:13 of 3rd period - Nathan MacKinnon is hit by Logan Couture.
10:04 of 3rd period - Nathan MacKinnon is hit by Esa Lindell.
10:53 of 3rd period - Shot by Jared Spurgeon.
10:53 of 3rd period - Shot Misses the Net.
10:55 of 3rd period - Shot by Jared Spurgeon.
10:55 of 3rd period - Stopped by Robin Lehner without a rebound.
10:56 of 3rd period - Logan Couture wins face-off versus Nathan MacKinnon in MONTREAL zone.
10:57 of 3rd period - Shot by Rasmus Ristolainen.
10:57 of 3rd period - Stopped by Robin Lehner without a rebound.
10:58 of 3rd period - Logan Couture wins face-off versus Nathan MacKinnon in MONTREAL zone.
11:23 of 3rd period - Icing by Austin Watson.
11:24 of 3rd period - Boone Jenner wins face-off versus Phillip Danault in NEW YORK I zone.
11:57 of 3rd period - Off-side.
11:58 of 3rd period - Logan Couture wins face-off versus Mark Jankowski in neutral zone.
12:15 of 3rd period - Shot by Nick Foligno.
12:15 of 3rd period - Stopped by Robin Lehner without a rebound.
12:16 of 3rd period - Ryan Strome wins face-off versus Nathan MacKinnon in MONTREAL zone.
12:16 of 3rd period - Anthony Mantha is hit by Nathan Beaulieu and loses puck.
13:19 of 3rd period - Shot by Phillip Danault.
13:19 of 3rd period - Stopped by Jacob Markstrom without a rebound.
13:20 of 3rd period - Josh Bailey wins face-off versus Roope Hintz in NEW YORK I zone.
13:36 of 3rd period - Joel Armia is hit by Rasmus Ristolainen and loses puck.
13:42 of 3rd period - Minor Penalty to Rasmus Ristolainen for Roughing.
13:43 of 3rd period - Phillip Danault wins face-off versus Boone Jenner in NEW YORK I zone.
13:46 of 3rd period - Shot by Keith Yandle.
13:46 of 3rd period - Shot Misses the Net.
14:34 of 3rd period - Shot by Max Pacioretty.
14:34 of 3rd period - Stopped by Jacob Markstrom without a rebound.
14:35 of 3rd period - Cedric Paquette wins face-off versus Nathan MacKinnon in NEW YORK I zone.
14:46 of 3rd period - Scott Mayfield is hit by Vincent Trocheck and loses puck.
14:51 of 3rd period - Shot by Adam Larsson.
14:51 of 3rd period - Shot Misses the Net.
14:53 of 3rd period - Shot by Adam Larsson.
14:53 of 3rd period - Shot Misses the Net.
15:11 of 3rd period - Shot by Vincent Trocheck.
15:11 of 3rd period - Shot Misses the Net.
15:13 of 3rd period - Shot by Nathan MacKinnon.
15:13 of 3rd period - Shot Misses the Net.
15:15 of 3rd period - Shot by Adam Larsson.
15:15 of 3rd period - Stopped by Jacob Markstrom without a rebound.
15:16 of 3rd period - Phillip Danault wins face-off versus Cedric Paquette in NEW YORK I zone.
15:21 of 3rd period - Shot by Phillip Danault.
15:21 of 3rd period - Shot Misses the Net.
15:23 of 3rd period - Shot by P.K. Subban.
15:23 of 3rd period - Stopped by Jacob Markstrom without a rebound.
15:24 of 3rd period - Pierre-Edouard Bellemare wins face-off versus Phillip Danault in NEW YORK I zone.
15:55 of 3rd period - Shot by Roope Hintz.
15:55 of 3rd period - Deflect By Joel Armia.
15:55 of 3rd period - Stopped by Jacob Markstrom without a rebound.
15:56 of 3rd period - Logan Couture wins face-off versus Nathan MacKinnon in NEW YORK I zone.
16:06 of 3rd period - Nathan MacKinnon is hit by Ben Hutton and loses puck.
16:15 of 3rd period - Shot by Vincent Trocheck.
16:15 of 3rd period - Shot Misses the Net.
16:27 of 3rd period - Max Pacioretty is hit by Scott Mayfield and loses puck.
17:57 of 3rd period - Shot by Joel Armia.
17:57 of 3rd period - Shot Misses the Net.
17:59 of 3rd period - Shot by Joel Armia.
17:59 of 3rd period - Stopped by Jacob Markstrom without a rebound.
18:00 of 3rd period - Boone Jenner wins face-off versus Nathan MacKinnon in NEW YORK I zone.
18:00 of 3rd period - Boone Jenner is hit by Corey Perry.
18:23 of 3rd period - Shot by Boone Jenner.
18:23 of 3rd period - Shot Blocked by Adam Larsson.
18:37 of 3rd period - Shot by Boone Jenner.
18:37 of 3rd period - Stopped by Robin Lehner without a rebound.
18:38 of 3rd period - Logan Couture wins face-off versus Phillip Danault in MONTREAL zone.
19:15 of 3rd period - Shot by Logan Couture.
19:15 of 3rd period - Deflect By Nick Foligno.
19:15 of 3rd period - Stopped by Robin Lehner without a rebound.
19:16 of 3rd period - Nathan MacKinnon wins face-off versus Boone Jenner in MONTREAL zone.
19:27 of 3rd period - MONTREAL, Robin Lehner is pulled from the net.
19:57 of 3rd period - Shot by Nathan MacKinnon.
19:57 of 3rd period - Stopped by Jacob Markstrom without a rebound.
19:58 of 3rd period - Austin Watson wins face-off versus Nathan MacKinnon in NEW YORK I zone.
19:58 of 3rd period - Austin Watson is hit by Max Pacioretty.
Goals for this period are 0 for MONTREAL vs 0 for NEW YORK I.
Shots for this period are 13 for MONTREAL vs 7 for NEW YORK I.